 Dungeon Crawl Stone Soup version 0.18-a0-1774-gce1f7b6 (webtiles) character file.

35 namelastname112 the Sneak (level 3, -5/18 HPs)
             Began as a Vine Stalker Assassin on Apr 15, 2016.
             Slain by Terence
             ... wielding a +0 flail
              (7 damage)
             ... on level 2 of the Dungeon.
             The game lasted 00:01:15 (1026 turns).

namelastname112 the Sneak (Vine Stalker Assassin)   Turns: 1026, Time: 00:01:16

Health: -5/18      AC:  3    Str: 13    XL:     3   Next: 35%
Magic:  0/4        EV: 12    Int: 11    God:
Gold:   60         SH:  0    Dex: 16    Spells: 0 memorised, 2 levels left

rFire  . . .     SeeInvis .     a - +2 dagger
rCold  . . .     Gourm    .     c - +0 robe
rNeg   . . .     Faith    .     (no shield)
rPois  .         Spirit   +     (no helmet)
rElec  .         Dismiss  .     d - +0 cloak
rCorr  .         Reflect  .     (no gloves)
SustAt .         Harm     .     (no boots)
MR     .....                    (no amulet)
Stlth  +++.......               (no ring)
                                (no ring)

@: slowed, very slow, not resistant to hostile enchantments, fairly stealthy
A: fangs 2, regeneration 1, magic shield, antimagic bite, no device heal 3, rot
immunity
a: no special abilities


You were on level 2 of the Dungeon.
You were not hungry.

You visited 1 branch of the dungeon, and saw 2 of its levels.

You collected 60 gold pieces.

Inventory:

Hand Weapons
 a - a +2 dagger (weapon)
 b - a +0 blowgun
Missiles
 e - 8 poisoned needles
 f - 2 curare-tipped needles
Armour
 c - a +0 robe (worn)
 d - a +0 cloak (worn)
 m - a +0 buckler
Scrolls
 h - a scroll of recharging {unknown}
 i - a scroll of magic mapping {unknown}
 k - a scroll of identify {unknown}
 l - a scroll of amnesia {unknown}
 o - a scroll of noise {unknown}
Potions
 n - a potion of agility {unknown}
Comestibles
 g - a bread ration
 j - a meat ration


   Skills:
 + Level 2.0 Fighting
 * Level 2.3 Short Blades
 + Level 2.0 Throwing
 + Level 1.0 Dodging
 * Level 5.3 Stealth
 + Level 0.1 Shields


You had 2 spell levels left.
You didn't know any spells.

Dungeon Overview and Level Annotations

Branches:
Dungeon (2/15)

Altars:
Xom

Annotations:
D:2 Natasha, Terence


Innate Abilities, Weirdness & Mutations

You have extremely sharp teeth.
Your natural rate of healing is unusually fast.
When hurt, damage is shared between your health and your magic reserves.
Your bite disrupts and absorbs the magic of your enemies.
Potions and wands cannot restore your health.
You are immune to rotting.


Message History

Natasha claws you. Terence barely misses you.
You hit Terence but do no damage. You bite Terence, but do no damage.
Terence is lightly wounded.
Natasha closely misses you. Terence misses you.
You barely miss Terence. You bite Terence. You drain his power.
You feel invigorated.
Terence is lightly wounded.
Natasha claws you.
* * * LOW HITPOINT WARNING * * *
Terence hits you with a flail.
* * * LOW HITPOINT WARNING * * *
The crimson imp blinks!
Natasha claws you but does no damage.
You are too injured to fight recklessly!
You are too injured to fight recklessly!
You are too injured to fight recklessly!
You are too injured to fight recklessly!
There are monsters nearby!
You take 16 damage, and have 1/18 hp.
MASSIVE DAMAGE!!
You now have 0/4 mp.
Terence hits you with a flail!
You die...

#..........#.......(.....
#..........).#.........#
#....................(###
##........###...........##
#..........###...........#.
#............####..##._...#
##..........#...$...........
#...........#######.........
#...........#...@....†......
#.............###@.###..#..b
#......<..##### #h## #.# .
#.......### #.h# ..#
#....###. ...w. ... #.... ..
........ .## #....
............. .# #....
.............. ####
...........$.##


You could see Terence, Natasha, a dart slug and a jackal.

Vanquished Creatures
  An ooze (D:1)
  A dart slug (D:1)
  2 giant cockroaches (D:1)
  4 goblins
  4 hobgoblins
  A jackal (D:2)
  6 bats (D:1)
  6 giant newts (D:1)
  5 kobolds
30 creatures vanquished.

Notes
Turn   | Place    | Note
--------------------------------------------------------------
     0 | D:1      | namelastname112 the Vine Stalker Assassin began the quest for the Orb.
     0 | D:1      | Reached XP level 1. HP: 11/11 MP: 2/2
   129 | D:1      | Reached skill level 5 in Stealth
   174 | D:1      | Reached XP level 2. HP: 12/15 MP: 3/3
   545 | D:1      | Reached XP level 3. HP: 18/18 MP: 4/4
   972 | D:2      | Reached skill level 1 in Dodging
  1007 | D:2      | Found a shimmering altar of Xom.
  1014 | D:2      | Noticed Natasha
  1016 | D:2      | Noticed Terence
  1026 | D:2      | Slain by Terence

Vault maps used:
D:1:      minmay_arrival_loop, serial_forest, infiniplex_forest_lined_2,
          infiniplex_forest_clump_tiny, infiniplex_forest_clump_curved,
          infiniplex_forest_diagonal, infiniplex_forest_clump_small,
          infiniplex_forest_lined_room_, infiniplex_forest_lined_2,
          infiniplex_forest_straight_3, infiniplex_forest_lined_3_way,
          infiniplex_forest_lined_2
D:2:      xom_butterflies, grunt_temple_overflow_diamond, first_bread,
          uniq_natasha, uniq_terence, uniq_iyjb

Skill      XL: |  1  2  3 |
---------------+----------+-----
Stealth        | 5 |  5.3
Short Blades   | 2 |  2.3
Throwing       | 2 |  2.0
Fighting       | 2 |  2.0
Dodging        | 1 |  1.0
Shields        | |  0.1

Action                   || total
-------------------------++-------
Melee: Dagger            ||    93
       Bite              ||    18
 Stab: Sleeping          ||     8
Armor: Robe              ||    22
Dodge: Dodged            ||    70
